 Dungeon Crawl Stone Soup version 0.21-a0-442-g848f44b (webtiles) character file.

110 slep the Covered (level 4, -3/33 HPs)
             Began as a Demonspawn Wanderer on Nov 14, 2017.
             Killed from afar by Sonofthefire's ghost (20 damage)
             ... with a shard of ice
             ... on level 4 of the Dungeon.
             The game lasted 00:10:30 (3063 turns).

slep the Covered (Demonspawn Wanderer)              Turns: 3063, Time: 00:10:32

Health: -3/33      AC:  4    Str: 17    XL:     4   Next: 61%
Magic:  5/5        EV: 11    Int: 11    God:
Gold:   261        SH:  0    Dex: 13    Spells: 5/5 levels left

rFire    . . .     SeeInvis .   x - +0 long sword
rCold    . . .     Gourm    .   (no shield)
rNeg     . . .     Faith    .   k - +0 leather armour
rPois    .         Spirit   .   (no helmet)
rElec    .         Reflect  .   (no cloak)
rCorr    .         Harm     .   i - +0 pair of gloves
MR       .....                  (no boots)
Stlth    ++........             (no amulet)
HPRegen  0.11/turn              (no ring)
MPRegen  0.09/turn              (no ring)

@: no status effects
A: thin skeletal structure 1
a: no special abilities


You were on level 4 of the Dungeon.
You were not hungry.

You visited 1 branch of the dungeon, and saw 4 of its levels.

You collected 261 gold pieces.

Inventory:

Hand Weapons
 a - a +2 spear
 u - a +0 bardiche
 x - a +0 long sword (weapon)
 y - a +2 dagger of freezing
Missiles
 p - 7 tomahawks (quivered)
 B - 3 javelins of penetration
Armour
 d - a +0 robe
 i - a +0 pair of gloves (worn)
 k - a +0 leather armour (worn)
Wands
 w - a wand of iceblast (13/15)
Scrolls
 g - 3 scrolls of identify {unknown}
 h - 2 scrolls of remove curse {unknown}
 m - a scroll of enchant armour {unknown}
 q - 2 scrolls of teleportation {unknown}
 r - a scroll of recharging {unknown}
 s - 2 scrolls of amnesia {unknown}
Potions
 e - 2 potions of curing
 j - a potion of lignification {unknown}
 l - a potion of degeneration {unknown}
 n - a potion of ambrosia {unknown}
 o - 2 potions of heal wounds {unknown}
 v - a potion of magic {unknown}
 z - a potion of haste {unknown}
Books
 b - Sif Muna's Grimoire of Dark Arts

   Spells                             Type                      Level
   a - Corpse Rot                     Necromancy                   2
   b - Sublimation of Blood           Necromancy                   2
 c - the Disquisition on Poisoning

   Spells                             Type                      Level
   a - Sting                          Conjuration/Poison           1
   b - Ignite Poison                  Fire/Transmutation/Poison    3
Comestibles
 f - 5 bread rations
 t - 2 royal jellies


   Skills:
 + Level 2.0 Fighting
 + Level 0.4 Long Blades
 + Level 2.0 Polearms
 + Level 2.9 Armour
 + Level 0.8 Dodging
 + Level 0.1 Stealth
 + Level 1.2 Spellcasting
   Level 2.6 Air Magic
   Level 1.0 Poison Magic
 + Level 2.0 Evocations


You had 5 spell levels left.
You didn't know any spells.

Dungeon Overview and Level Annotations

Branches:
Dungeon (4/15)
 Temple: D:4-7

Altars:
Wu Jian

Annotations:
D:4 Sonofthefire's ghost, novice DgIE


Innate Abilities, Weirdness & Mutations

You have a somewhat thin skeletal structure. (Dex +2, Stealth)


Message History

The hound bites you but does no damage. x2
The giant cockroach waves its antennae.
Sonofthefire's ghost (novice Demigod Ice Elementalist) comes into view.
It is wielding a weapon of flaming.
Sonofthefire's ghost turns its malevolent gaze towards you.
You hit the hound but do no damage.
The hound is severely wounded.
The hound closely misses you.
The giant cockroach bites you but does no damage.
The hound bites you.
The giant cockroach completely misses you.
You riposte.
You hit the giant cockroach.
You kill the giant cockroach!
You hit the hound.
The hound is severely wounded.
The hound stops to sniff the ground.
The hound bites you. x2
Sonofthefire's ghost points at you and mumbles some strange words.
The shard of ice hits you!
Ouch! That really hurt!
You die...

. .. .. .##.# ..
....# #. #...
#.##..# # ..#..# #.
#(#h†#
#..##.#@.#######
#...[....#.....#
....####.####.....#
... ##.##.......#
..###...#.#.....#
#...W.....#.....#
..........#######
###.......######
#####............#


You could see a hound and Sonofthefire's ghost.

Vanquished Creatures
  An orc wizard (D:3)
  2 adders (D:3)
  A worm (D:3)
  3 leopard geckos
  4 orcs
  3 giant cockroaches
  3 hobgoblins
  7 jackals
  10 kobolds
  2 quokkas (D:3)
  A ball python (D:1)
  6 bats
  2 frilled lizards
  3 goblins
  3 rats
51 creatures vanquished.

Notes
Turn   | Place    | Note
-------+----------+-------------------------------------------
     0 | D:1      | slep the Demonspawn Wanderer began the quest for the Orb.
     0 | D:1      | slep set off with: a +2 spear, Sif Muna's Grimoire of Dark Arts, the Disquisition on Poisoning, a +0 robe, a bread ration
     0 | D:1      | Reached XP level 1. HP: 15/15 MP: 2/2
   709 | D:1      | Gained mutation: You have a somewhat thin skeletal structure. (Dex +2, Stealth) [demonic ancestry]
   709 | D:1      | Reached XP level 2. HP: 7/21 MP: 3/3
  1175 | D:2      | Found an ornate altar of the Wu Jian Council.
  1186 | D:2      | Reached XP level 3. HP: 17/26 MP: 4/4
  1192 | D:2      | Reached skill level 1 in Polearms
  2452 | D:3      | Reached XP level 4. HP: 24/33 MP: 5/5
  3062 | D:4      | Noticed Sonofthefire's ghost (novice DgIE)
  3063 | D:4      | Killed from afar by Sonofthefire's ghost

Vault maps used:
D:1:      sevenhm_arrival_forest_fort_small_3, minmay_misc_feat_pillars,
          minmay_cupped
D:2:      lemuel_crystal_altar
D:3:      minivault_24
D:4:      nicolae_gozag_cash_rules_everything_around_me, lemuel_crystal_altar,
          nicolae_ossuary_entry_ruins, first_bread, serial_shops,
          nicolae_shop_crystal, grunt_dithmenos_smoke_and_mirrors, uniq_edmund

Skill      XL: |  1  2  3  4 |
---------------+-------------+-----
Armour         | 2 |  2.9
Polearms       | 1 2 |  2.0
Fighting       | 2 |  2.0
Long Blades    | |  0.4
Dodging        | |  0.8
Stealth        | |  0.1
Spellcasting   | |  1.2
Air Magic      | |  2.6
Poison Magic   | |  1.0
Evocations     | |  2.0

Action                   |  1- 3 |  4- 6 || total
-------------------------+-------+-------++-------
Melee: Spear             |   147 |       ||   147
       Long sword        |    13 |    29 ||    42
  Use: Potion            |     1 |       ||     1
 Stab: Distracted        |     1 |       ||     1
  Eat: Chunk             |     5 |     2 ||     7
Armor: Robe              |     8 |       ||     8
       Leather armour    |    40 |    14 ||    54
Dodge: Dodged            |   100 |    19 ||   119
       Rpst.: Long sword |     4 |     7 ||    11

Table legend:
 A = Spawn XP
 B = Non-spawn XP
 C = Spawn XP percentage of total XP
 D = Spawn monster count
 E = Non-spawn monster count
 F = Spawn count percentage of total count
 G = Total turns spent on level
                    A         B        C        D         E        F      G
               +---------+---------+-------+---------+---------+-------+---------
         Total |       0 |     158 |   0.0 |       0 |      51 |   0.0 |  3063
               +---------+---------+-------+---------+---------+-------+---------
           D:1 |       0 |      20 |   0.0 |       0 |      13 |   0.0 |   971
           D:2 |       0 |      32 |   0.0 |       0 |      18 |   0.0 |   796
           D:3 |       0 |     104 |   0.0 |       0 |      19 |   0.0 |  1238
           D:4 |       0 |       2 |   0.0 |       0 |       1 |   0.0 |    58
               +---------+---------+-------+---------+---------+-------+---------
